 Dungeon Crawl Stone Soup version 0.27-a0-1528-g90fbb72469 (webtiles) character file.

Game seed: 1683544710260600586

8699 Tynoth the Cleaver (level 11, 0/142 HPs)
             Began as a Hill Orc Monk on July 10, 2021.
             Was an Elder of Makhleb.
             Slain by a tengu warrior (9 damage)
             ... led by a tengu conjurer
             ... on level 10 of the Dungeon on July 11, 2021.
             The game lasted 00:44:11 (13732 turns).

Tynoth the Cleaver (Hill Orc Monk)                 Turns: 13732, Time: 00:44:12

Health: 0/142      AC: 25    Str: 18    XL:     11   Next: 35%
Magic:  11/11      EV:  2    Int: 16    God:    Makhleb [****..]
Gold:   531        SH: 14    Dex: 13    Spells: 10/10 levels left

rFire    x . .     SeeInvis .   o - +3 hand axe (vorpal)
rCold    . . .     Faith    .   u - +3 buckler "Cylaqi" {rPois rF- Regen+}
rNeg     + + +     Spirit   .   (armour currently unavailable)
rPois    +         Reflect  +   (helmet currently unavailable)
rElec    .         Harm     .   (cloak currently unavailable)
rCorr    .         Rampage  .   (gloves currently unavailable)
Will     .....     NoTele   +   (boots currently unavailable)
Stlth    ++........             a - amulet of reflection
HPRegen  1.33/turn              G - ring of positive energy
MPRegen  0.12/turn              y - +6 ring of intelligence

@: tree-form
A: stationary, stasis, torment immunity, boosted hp
a: Renounce Religion, Minor Destruction, Lesser Servant of Makhleb, Major
Destruction


You were on level 10 of the Dungeon.
You worshipped Makhleb.
Makhleb was greatly pleased with you.
You were a tree.
You visited 2 branches of the dungeon, and saw 11 of its levels.

You collected 531 gold pieces.

Inventory:

Hand Weapons
 d - a +1 vampiric hand axe
 o - a +3 vorpal hand axe (weapon)
Missiles
 e - 262 stones (quivered)
 j - 30 poisoned darts
 r - 6 silver javelins
 v - 7 curare-tipped darts
 w - a throwing net
Armour
 k - a +0 pair of gloves (melded)
 q - the +1 ring mail "Uneader" (melded) {Contam rPois rC++ Str+4}
   (You took it off an orc on level 4 of the Dungeon)

   Str:       It affects your strength (+4).
   rC:        It greatly protects you from cold.
   rPois:     It protects you from poison.
   Contam:    It causes magical contamination when unequipped.
 u - the +3 buckler "Cylaqi" (worn) {rPois rF- Regen+}
   (You found it on level 6 of the Dungeon)

   rF:        It makes you vulnerable to fire.
   rPois:     It protects you from poison.
   Regen:     It increases your rate of health regeneration.
Jewellery
 a - an amulet of reflection (around neck)
 y - a +6 ring of intelligence (right branch)
 D - the ring "Boariseu" {rF+ Str+4 Dex+4 Slay-6 SInv}
   (You found it on level 8 of the Dungeon)

   [ring of see invisible]

   Str:       It affects your strength (+4).
   Dex:       It affects your dexterity (+4).
   Slay:      It affects your accuracy & damage with ranged weapons and melee
   (-6).
   rF:        It protects you from fire.
   SInv:      It lets you see invisible.
 G - a ring of positive energy (left branch)
Wands
 f - a wand of flame (19)
 s - a wand of iceblast (17)
 x - a wand of mindburst (25)
 A - a wand of digging (5)
Scrolls
 b - 3 scrolls of teleportation
 g - 2 scrolls of identify
 m - a scroll of immolation {unknown}
 B - a scroll of fear
Potions
 c - a potion of berserk rage
 h - 2 potions of magic
 i - a potion of haste
 l - a potion of attraction {unknown}
 p - a potion of resistance
 C - 2 potions of curing
 E - 2 potions of mutation


   Skills:
 + Level 8.3 Fighting
 + Level 14.2 Axes
 + Level 0.3 Throwing
 * Level 8.7 Armour
 - Level 2.4 Dodging
 - Level 1.5 Stealth
 * Level 9.5 Shields


You had 10 spell levels left.
You didn't know any spells.
Your spell library contained the following spells:

 Spells                   Type           Power      Damage    Failure   Level
 Foxfire                  Conj/Fire      0%         2x1d4     26%         1
 Magic Dart               Conj           0%         1d3       26%         1
 Summon Small Mammal      Summ           0%         N/A       26%         1
 Call Imp                 Summ           0%         N/A       36%         2
 Poisonous Vapours        Pois/Air       0%         N/A       36%         2
 Call Canine Familiar     Summ           0%         N/A       58%         3
 Conjure Flame            Conj/Fire      0%         6-21      58%         3
 Gell's Gravitas          Tloc           0%         N/A       58%         3
 Inner Flame              Hex/Fire       0%         N/A       58%         3
 Lesser Beckoning         Tloc           0%         N/A       58%         3
 Mephitic Cloud           Conj/Pois/Air  0%         N/A       58%         3
 Ozocubu's Armour         Ice            0%         N/A       58%         3
 Portal Projectile        Hex/Tloc       0%         N/A       58%         3
 Summon Guardian Golem    Hex/Summ       0%         N/A       58%         3
 Teleport Other           Tloc           0%         N/A       58%         3
 Freezing Cloud           Conj/Ice/Air   0%         6-21      100%        5
 Summon Mana Viper        Hex/Summ       0%         N/A       100%        5
 Ozocubu's Refrigeration  Ice            0%         4d5       100%        7


Dungeon Overview and Level Annotations

Branches:
Dungeon (10/15)            Temple (0/1) D:7            Lair (1/6) D:8
    Orc (0/2) D:9

Altars:
Hepliaklqana
Makhleb
Ru
Sif Muna
Zin

Shops:
D:6 *

Annotations:
D:2 exclusion: downstairs
D:5 3 runed translucent doors, hemabe71's ghost, novice HuAr
D:6 1 runed translucent door, Crazy Yiuf
D:8 1 runed translucent door, kuniqs's ghost, novice DgGl


Message History

You block the tengu warrior's attack. x3
There is an open door, spattered with blood here.
You see here a tengu corpse.
The tengu warrior hits you with a +0 great mace!
* * * LOW HITPOINT WARNING * * *
The tengu warrior pecks you but does no damage.
The tengu warrior claws you.
* * * LOW HITPOINT WARNING * * *
The tengu warrior hits you with a +0 great mace!
* * * LOW HITPOINT WARNING * * *
You block the tengu warrior's attack. x2
You feel much better.
The tengu warrior hits you with a +0 great mace.
* * * LOW HITPOINT WARNING * * *
The tengu warrior pecks you but does no damage.
You block the tengu warrior's attack.
As you read the scroll of teleportation, it crumbles to dust.
You feel strangely unstable.
The tengu warrior hits you with a +0 great mace!!
* * * LOW HITPOINT WARNING * * *
The tengu warrior pecks you but does no damage.
The tengu warrior claws you.
* * * LOW HITPOINT WARNING * * *
Really quaff the potion of lignification?
You turn into a tree.
Your +0 pair of gloves melds into your body.
The +1 ring mail "Uneader" {Contam rPois rC++ Str+4} melds into your body.
Your roots penetrate the ground.
You feel strangely stable. You block the tengu warrior's attack.
The tengu warrior pecks you but does no damage.
You block the tengu warrior's attack.
You closely miss the tengu warrior.
The tengu warrior is moderately wounded.
The tengu warrior barely misses you.
You block the tengu warrior's attack. x2
You hit the tengu warrior but do no damage.
The tengu warrior is moderately wounded.
You hit the tengu warrior but do no damage.
The tengu warrior is moderately wounded.
The tengu warrior hits you with a +0 great mace!
You die...

### ..# ############ ..#
..........# ..# ........
..##### ..... ..#...#
#..# ..'...#
######♣.###### ..#...#
#.<..#.Q##...# #####'##
#....#.......# #...#
#....#.......#
##..####....#.......#
#..........#..####†##
##..........#..#.....#
#...........####.....#
###.(..................#


You could see a tengu warrior.

Vanquished Creatures
  2 two-headed ogres
  A cane toad (Lair:1)
  A komodo dragon (D:8)
  A tengu conjurer (D:10)
  A troll (D:10)
  A hornet (D:10)
  2 wyverns
  7 yaks
  Eustachio (D:5)
  A steam dragon (D:8)
  Menkaure (D:6)
  4 water moccasins
  Edmund (D:6)
  Duvessa (D:4)
  7 orc warriors
  A sky beast (D:8)
  3 centaurs
  A necrophage (D:7)
  4 black bears
  5 wolves (Lair:1)
  2 ogres (D:4)
  A kobold brigand (D:8)
  2 wyvern zombies
  5 bullfrogs
  3 scorpions
  Dowan (D:4)
  5 wights (D:8)
  2 centaur zombies
  9 orc priests
  A bullfrog skeleton (D:6)
  2 hounds
  3 jellies
  4 iguanas
  6 orc wizards
  A howler monkey zombie (D:5)
  9 adders
  A white imp (D:7)
  2 adder skeletons
  2 worms
  A dart slug (D:1)
  28 orcs
  10 ball pythons
  8 endoplasms
  A giant cockroach (D:3)
  8 goblins
  3 hobgoblins
  8 jackals
  6 quokkas
  3 bats
  3 frilled lizards (D:2)
  13 kobolds
  7 rats
206 creatures vanquished.

Notes
Turn   | Place    | Note
-------+----------+-------------------------------------------
     0 | D:1      | Tynoth the Hill Orc Monk began the quest for the Orb.
     0 | D:1      | Reached XP level 1. HP: 19/19 MP: 1/1
   289 | D:1      | Reached XP level 2. HP: 27/27 MP: 2/2
   292 | D:1      | Found a faded altar of an unknown god.
  1021 | D:2      | Reached skill level 5 in Axes
  1303 | D:2      | Reached XP level 3. HP: 9/33 MP: 3/3
  2031 | D:2      | Reached XP level 4. HP: 10/40 MP: 4/4
  2282 | D:2      | Reached skill level 6 in Axes
  3542 | D:3      | Reached XP level 5. HP: 42/47 MP: 5/5
  3972 | D:3      | Reached skill level 7 in Axes
  4105 | D:4      | Noticed an ogre
  4678 | D:3      | Found a burning altar of Makhleb.
  4678 | D:3      | Noticed an Executioner
  4681 | D:3      | Noticed a smoke demon
  4681 | D:3      | Noticed a smoke demon
  4683 | D:3      | Became a worshipper of Makhleb the Destroyer
  4683 | D:3      | Reached * piety under Makhleb
  4683 | D:3      | Reached ** piety under Makhleb
  4780 | D:3      | Reached skill level 1 in Armour
  4937 | D:4      | Noticed an ogre
  5243 | D:4      | Reached XP level 6. HP: 53/53 MP: 6/6
  5408 | D:4      | Noticed a black bear
  5414 | D:4      | Killed a black bear
  5415 | D:4      | Reached skill level 8 in Axes
  5415 | D:4      | Reached skill level 1 in Shields
  5814 | D:4      | Noticed Duvessa
  5814 | D:4      | Noticed Dowan
  5984 | D:4      | Reached XP level 7. HP: 59/60 MP: 7/7
  5998 | D:4      | Identified the +1 ring mail "Uneader" {Contam rPois rC++
                  | Str+4}
  6038 | D:3      | Reached skill level 5 in Fighting
  6217 | D:4      | Reached skill level 9 in Axes
  6239 | D:4      | Killed Duvessa
  6339 | D:4      | Killed Dowan
  6694 | D:5      | Entered Level 5 of the Dungeon
  6845 | D:5      | Noticed Eustachio
  6961 | D:5      | Reached skill level 10 in Axes
  6961 | D:5      | Reached XP level 8. HP: 54/68 MP: 8/8
  7097 | D:5      | Killed Eustachio
  7299 | D:5      | Got Sif Muna's Almanac of the Entrancing Traveller
  7496 | D:5      | Found a sacrificial altar of Ru.
  7571 | D:5      | Reached skill level 11 in Axes
  7639 | D:5      | Found a runed translucent gate.
  7640 | D:5      | Found a runed translucent gate.
  7641 | D:5      | Found a runed translucent gate.
  7645 | D:5      | Noticed a hornet
  7646 | D:5      | Noticed hemabe71's ghost (novice HuAr)
  7866 | D:5      | Found a hazy altar of Hepliaklqana.
  8220 | D:6      | Found a runed translucent door.
  8221 | D:6      | Noticed Crazy Yiuf
  8249 | D:6      | Found a glowing silver altar of Zin.
  8249 | D:6      | Found Zin's Purification Station.
  8351 | D:6      | Noticed Menkaure
  8365 | D:6      | Killed Menkaure
  8723 | D:6      | Noticed Edmund
  8754 | D:6      | Killed Edmund
  8755 | D:6      | Reached XP level 9. HP: 34/75 MP: 9/9
  8951 | D:6      | Reached skill level 12 in Axes
  9013 | D:6      | Identified the +3 buckler "Cylaqi" {rPois rF- Regen+}
  9488 | D:7      | Reached skill level 5 in Armour
  9784 | D:7      | Noticed a two-headed ogre
  9960 | D:6      | Upgraded the game from 0.27-a0-1519-gc8121b24ce to
                  | 0.27-a0-1528-g90fbb72469
  9998 | D:6      | Killed a two-headed ogre
  9999 | D:6      | Reached skill level 13 in Axes
 10148 | D:7      | Reached skill level 5 in Shields
 10330 | D:7      | Found a staircase to the Ecumenical Temple.
 10451 | D:7      | Reached XP level 10. HP: 80/84 MP: 10/10
 10457 | D:7      | Found a shimmering blue altar of Sif Muna.
 10511 | D:8      | Reached *** piety under Makhleb
 10611 | D:8      | Found a staircase to the Lair.
 10768 | D:8      | Found a runed translucent door.
 10769 | D:8      | Noticed kuniqs's ghost (novice DgGl)
 11301 | D:8      | Identified the ring "Boariseu" {rF+ Str+4 Dex+4 Slay-6
                  | SInv}
 11698 | Lair:1   | Entered Level 1 of the Lair of Beasts
 11749 | Lair:1   | Noticed a cane toad
 11767 | Lair:1   | Killed a cane toad
 12028 | Lair:1   | Noticed a four-headed hydra
 12148 | D:9      | Found a staircase to the Orcish Mines.
 12228 | D:9      | Reached **** piety under Makhleb
 12459 | D:9      | Noticed a two-headed ogre
 12476 | D:9      | Killed a two-headed ogre
 12488 | D:9      | Reached XP level 11. HP: 63/94 MP: 11/11
 12731 | D:9      | Reached skill level 14 in Axes
 13326 | D:10     | Entered Level 10 of the Dungeon
 13395 | D:10     | Paralysed by a hornet for 2 turns
 13681 | D:10     | Noticed a tengu warrior
 13728 | D:10     | HP: 3/95 [tengu warrior[a tengu conjurer] (2)]
 13732 | D:10     | Slain by a tengu warrior

Illustrated notes

Levels and vault maps discovered:
D:1:      dpeg_arrival_snail, layout_rooms,
          chequers_ecumenical_altar_simple_redux, minmay_pentomino_t4
D:2:      layout_basic
D:3:      layout_loops_ring, makhleb_altar_promises_db,
          kennysheep_generic_room_15
D:4:      layout_rooms, uniq_duvessa
D:5:      layout_loops_ring, worldfamousw_hep_ancestral_shrine,
          nicolae_ru_awakened_eye, gammafunk_ghost_split, abandoned_shop,
          uniq_eustachio
D:6:      layout_basic, zin_purify, uniq_edmund, uniq_crazy_yiuf_cottage,
          uniq_menkaure
D:7:      layout_cave_pools, kennysheep_orc_sif_temple,
          minmay_temple_entry_antechambers
D:8:      kennysheep_blocky_hall, layout_loops_corners, lair_entry_dummy,
          ebering_ghost_reflecting_pool
D:9:      layout_loops_cross, orc_david_3, patterned_corridor
D:10:     layout_gridville, gammafunk_temple_overflow_statue
Lair:1:   layout_gridlike, hibernation_bobbens, uniq_sonja

Skill      XL: |  1  2  3  4  5  6  7  8  9 10 11 |
---------------+----------------------------------+-----
Fighting       | 4 5 6 7 8 |  8.3
Axes           | 5 6 7 8 10 11 13 14 | 14.2
Armour         | 1 2 3 4 6 8 |  8.7
Shields        | 1 2 3 5 8 9 |  9.5
Throwing       | |  0.3
Dodging        | |  2.4
Stealth        | |  1.5

Action                   |  1- 3 |  4- 6 |  7- 9 | 10-12 || total
-------------------------+-------+-------+-------+-------++-------
Melee: Hand axe          |   107 |    91 |   193 |   356 ||   747
       War axe           |       |    86 |   135 |       ||   221
Throw: Stone             |       |       |     1 |       ||     1
       Throwing net      |       |       |     1 |       ||     1
  Use: Potion            |     2 |       |     1 |     5 ||     8
       Scroll            |       |     5 |     4 |     4 ||    13
 Stab: Sleeping          |     1 |     1 |     1 |       ||     3
Armor: Robe              |    29 |     8 |       |       ||    37
       Ring mail         |       |    50 |    75 |    58 ||   183
       Skin              |       |       |       |     1 ||     1
Dodge: Dodged            |    65 |    74 |   134 |    95 ||   368
Block: Buckler           |     3 |    47 |   139 |   220 ||   409
       Reflection        |       |     1 |     1 |     3 ||     5

Table legend: (Time is in decaauts)
 A = Elapsed time spent in this place.
 B = Non-inter-level travel time spent in this place.
 C = Inter-level travel time spent in this place.
 D = Time resting spent in this place.
 E = Time spent auto-exploring this place.
 F = Levels seen in this place.
 G = Mean time per level.
                   A        B        C        D        E       F      G
               +--------+--------+--------+--------+--------+-----+--------+
         Total |  13589 |  12850 |    739 |   4412 |   5692 |  11 | 1235.4 |
       Dungeon |  13233 |  12494 |    739 |   4336 |   5542 |  10 | 1323.3 |
          Lair |    355 |    355 |      0 |     76 |    150 |   1 |  355.0 |
               +--------+--------+--------+--------+--------+-----+--------+

Top non-repeatable levels by time:
     D:2: 2282 daAuts
     D:3: 1960 daAuts
     D:6: 1558 daAuts
     D:4: 1491 daAuts
     D:5: 1475 daAuts
     D:8: 1215 daAuts
     D:9: 1152 daAuts
     D:1: 1005 daAuts
     D:7: 717 daAuts
    D:10: 374 daAuts
  Lair:1: 355 daAuts
